| TOP OF THE 1ST |
|
Durham Bulls batting - Pitching for Tacoma Rainiers : RHP Matt Fox
|
|
Pitching: RHP Matt Fox
|
|
|
Batting: LHB Darryl Gonnella
|
0-0: Called Strike 0-1: Ball 1-1: Ball 2-1: Ball 3-1: Called Strike 3-2: Strikes out swinging
|
|
Batting: RHB Alex Diaz
|
0-0: Ball 1-0: Ball 2-0: Called Strike 2-1: Ball 3-1: Swinging Strike 3-2: Base on Balls
|
|
Batting: LHB Davion Lewis
|
0-0: SINGLE (Line Drive, 34D, EV 98.8 MPH) Alex Diaz to second Runner from 2nd tries for 3rd, SAFE, throw by RF made to third
|
|
Batting: LHB Eric Toney
|
0-0: Ball 1-0: Fly out, F7 (Flyball, 7, EV 91.2 MPH) Runner from 3rd tags up, SCORES, no throw by LF
|
|
Batting: RHB Jose Arriola
|
0-0: Ball 1-0: Ball 2-0: Fly out, F8 (Flyball, 8RM, EV 81.9 MPH)
|
| Top of the 1st over - 1 run, 1 hit, 0 errors, 1 left on base; Durham 1 - Tacoma 0 |
| BOTTOM OF THE 1ST |
|
Tacoma Rainiers batting - Pitching for Durham Bulls : RHP Eric Smith
|
|
Pitching: RHP Eric Smith
|
|
|
Batting: LHB Jawad Fahad
|
0-0: Ball 1-0: Ball 2-0: Swinging Strike 2-1: Ground out 6-3 (Groundball, 6M, EV 106.2 MPH)
|
|
Batting: SHB Isaiah Cherry
|
0-0: Called Strike 0-1: Ball 1-1: Foul Ball, location: 2F 1-2: Foul Ball, location: 2F 1-2: Ball 2-2: Foul Ball, location: 2F 2-2: Ball 3-2: Ground out 6-3 (Groundball, 6, EV 91.9 MPH)
|
|
Batting: RHB Marco Diaz
|
0-0: Called Strike 0-1: Ball 1-1: Foul Ball, location: 2F 1-2: Strikes out looking
|
| Bottom of the 1st over - 0 runs, 0 hits, 0 errors, 0 left on base; Durham 1 - Tacoma 0 |
| TOP OF THE 2ND |
|
Durham Bulls batting - Pitching for Tacoma Rainiers : RHP Matt Fox
|
|
Batting: RHB Sesto Carpini
|
0-0: Foul Ball, location: 2F 0-1: Ball 1-1: Ball 2-1: Foul Ball, location: 2F 2-2: Fly out, F8 (Flyball, 89S, EV 86.9 MPH)
|
|
Batting: LHB Helmut Steggall
|
0-0: Ball 1-0: Foul Ball, location: 2F 1-1: SINGLE (Line Drive, 34D, EV 96.9 MPH)
|
|
Batting: RHB Roberto Aispuro
|
0-0: Called Strike 0-1: Foul Ball, location: 2F 0-2: Ball Wild Pitch! Helmut Steggall to second 1-2: Ball 2-2: Ball 3-2: Strikes out swinging
|
|
Batting: LHB Danny Hull
|
0-0: Ball 1-0: Called Strike 1-1: Ball 2-1: Foul Ball, location: 2F 2-2: Strikes out swinging
|
| Top of the 2nd over - 0 runs, 1 hit, 0 errors, 1 left on base; Durham 1 - Tacoma 0 |
| BOTTOM OF THE 2ND |
|
Tacoma Rainiers batting - Pitching for Durham Bulls : RHP Eric Smith
|
|
Batting: LHB Josh Pittman
|
0-0: Foul Ball, location: 2F 0-1: Foul Ball, location: 2F 0-2: Foul Ball, location: 2F 0-2: Ball 1-2: Foul Ball, location: 2F 1-2: Ball 2-2: Ground out 6-3 (Groundball, 56, EV 80.6 MPH)
|
|
Batting: RHB Zach Downs
|
0-0: Ball 1-0: Called Strike 1-1: Swinging Strike 1-2: Ball 2-2: Foul Ball, location: 2F 2-2: Foul Ball, location: 2F 2-2: Strikes out swinging
|
|
Batting: RHB Max Schellekens
|
0-0: Foul Ball, location: 2F 0-1: Ball 1-1: Swinging Strike 1-2: Ball 2-2: Strikes out swinging
|
| Bottom of the 2nd over - 0 runs, 0 hits, 0 errors, 0 left on base; Durham 1 - Tacoma 0 |
| TOP OF THE 3RD |
|
Durham Bulls batting - Pitching for Tacoma Rainiers : RHP Matt Fox
|
|
Batting: LHB Darryl Gonnella
|
0-0: Called Strike 0-1: Ball 1-1: SINGLE (Groundball, 4MD, EV 104.4 MPH)
|
|
Batting: RHB Alex Diaz
|
0-0: Ball Darryl Gonnella steals 2nd base 1-0: Foul Ball, location: 2F 1-1: Ball 2-1: Foul Ball, location: 2F 2-2: Foul Ball, location: 2F 2-2: Fly out, F8 (Flyball, 78M, EV 86.9 MPH)
|
|
Batting: LHB Davion Lewis
|
0-0: Ball 1-0: Ball Darryl Gonnella steals 3rd base 2-0: Ground out 4-3 (Groundball, 4, EV 100.0 MPH) Darryl Gonnella scores
|
|
Batting: LHB Eric Toney
|
0-0: Called Strike 0-1: Ball 1-1: Ball 2-1: Swinging Strike 2-2: Foul Ball, location: 2F 2-2: Ball 3-2: Ground out 6-3 (Groundball, 6, EV 109.4 MPH)
|
| Top of the 3rd over - 1 run, 1 hit, 0 errors, 0 left on base; Durham 2 - Tacoma 0 |
| BOTTOM OF THE 3RD |
|
Tacoma Rainiers batting - Pitching for Durham Bulls : RHP Eric Smith
|
|
Batting: RHB Hideo Okimura
|
0-0: Ball 1-0: Ground out 6-3 (Groundball, 56D, EV 92.5 MPH)
|
|
Batting: RHB Lamberto Amicis
|
0-0: Ground out 5-3 (Groundball, 5, EV 103.8 MPH)
|
|
Batting: RHB Jesus Santiago
|
0-0: Ball 1-0: Fly out, F9 (Flyball, 9D, EV 90.6 MPH)
|
| Bottom of the 3rd over - 0 runs, 0 hits, 0 errors, 0 left on base; Durham 2 - Tacoma 0 |
| TOP OF THE 4TH |
|
Durham Bulls batting - Pitching for Tacoma Rainiers : RHP Matt Fox
|
|
Batting: RHB Jose Arriola
|
0-0: Foul Ball, location: 2F 0-1: Ball 1-1: Ball 2-1: Ground out 6-3 (Groundball, 6, EV 85.6 MPH)
|
|
Batting: RHB Sesto Carpini
|
0-0: Ball 1-0: Ball 2-0: Swinging Strike 2-1: Foul Ball, location: 2F 2-2: Fly out, F8 (Flyball, 8RM, EV 95.0 MPH)
|
|
Batting: LHB Helmut Steggall
|
0-0: Ball 1-0: Ball 2-0: Foul Ball, location: 2F 2-1: Called Strike 2-2: Strikes out looking
|
| Top of the 4th over - 0 runs, 0 hits, 0 errors, 0 left on base; Durham 2 - Tacoma 0 |
| BOTTOM OF THE 4TH |
|
Tacoma Rainiers batting - Pitching for Durham Bulls : RHP Eric Smith
|
|
Batting: LHB Jawad Fahad
|
0-0: Ball 1-0: Foul Ball, location: 2F 1-1: Foul Ball, location: 2F 1-2: Ball 2-2: Strikes out looking
|
|
Batting: SHB Isaiah Cherry
|
0-0: Ball 1-0: Foul Ball, location: 2F 1-1: Fly out, F5 (Popup, 5, EV 78.8 MPH)
|
|
Batting: RHB Marco Diaz
|
0-0: Ball 1-0: Foul Ball, location: 2F 1-1: Swinging Strike 1-2: Foul Ball, location: 2F 1-2: Ball 2-2: Foul Ball, location: 2F 2-2: Foul Ball, location: 2F 2-2: Strikes out swinging
|
| Bottom of the 4th over - 0 runs, 0 hits, 0 errors, 0 left on base; Durham 2 - Tacoma 0 |
| TOP OF THE 5TH |
|
Durham Bulls batting - Pitching for Tacoma Rainiers : RHP Matt Fox
|
|
Batting: RHB Roberto Aispuro
|
0-0: Ball 1-0: Swinging Strike 1-1: Ground out 6-3 (Groundball, 6, EV 89.4 MPH)
|
|
Batting: LHB Danny Hull
|
0-0: Ball 1-0: Ball 2-0: Swinging Strike 2-1: Ball 3-1: Ground out 2-3 (Groundball, 2L, EV 65.6 MPH)
|
|
Batting: LHB Darryl Gonnella
|
0-0: Ball 1-0: SINGLE (Line Drive, 78M, EV 91.9 MPH)
|
|
Batting: RHB Alex Diaz
|
0-0: Called Strike Darryl Gonnella steals 2nd base 0-1: Ball 1-1: Ball 2-1: Ground out 3-1 (Groundball, 34S, EV 80.0 MPH)
|
| Top of the 5th over - 0 runs, 1 hit, 0 errors, 1 left on base; Durham 2 - Tacoma 0 |
| BOTTOM OF THE 5TH |
|
Tacoma Rainiers batting - Pitching for Durham Bulls : RHP Eric Smith
|
|
Batting: LHB Josh Pittman
|
0-0: Ball 1-0: Ball 2-0: Called Strike 2-1: Swinging Strike 2-2: Ball 3-2: SINGLE (Groundball, 34D, EV 109.4 MPH)
|
|
Batting: RHB Zach Downs
|
0-0: SINGLE (Line Drive, 5D, EV 95.6 MPH) Josh Pittman to second
|
|
Batting: RHB Max Schellekens
|
0-0: Called Strike 0-1: Foul Ball, location: 2F 0-2: Strikes out swinging
|
|
Batting: RHB Hideo Okimura
|
0-0: Foul Ball, location: 2F 0-1: Called Strike 0-2: Ball 1-2: Foul Ball, location: 2F 1-2: Fly out, F8 (Flyball, 8LXD, EV 109.4 MPH) Runner from 2nd tags up, SAFE at 3rd, no throw by CF
|
|
Batting: RHB Lamberto Amicis
|
0-0: Called Strike 0-1: Fly out, F7 (Flyball, 78S, EV 85.0 MPH)
|
| Bottom of the 5th over - 0 runs, 2 hits, 0 errors, 2 left on base; Durham 2 - Tacoma 0 |
| TOP OF THE 6TH |
|
Durham Bulls batting - Pitching for Tacoma Rainiers : RHP Matt Fox
|
|
Batting: LHB Davion Lewis
|
0-0: Called Strike 0-1: Fly out, F6 (Popup, 6MD, EV 50.0 MPH)
|
|
Batting: LHB Eric Toney
|
0-0: Ball 1-0: Ball 2-0: Fly out, F8 (Flyball, 78M, EV 95.0 MPH)
|
|
Batting: RHB Jose Arriola
|
0-0: Called Strike 0-1: Ground out 1-3 (Groundball, 13S, EV 61.9 MPH)
|
| Top of the 6th over - 0 runs, 0 hits, 0 errors, 0 left on base; Durham 2 - Tacoma 0 |
| BOTTOM OF THE 6TH |
|
Tacoma Rainiers batting - Pitching for Durham Bulls : RHP Eric Smith
|
|
Batting: RHB Jesus Santiago
|
0-0: Ball 1-0: Called Strike 1-1: Called Strike 1-2: Foul Ball, location: 2F 1-2: Hit by Pitch
|
|
Pitching: LHP Chris Polite
|
|
|
Batting: LHB Jawad Fahad
|
0-0: Ball 1-0: Ground out 4-3 (Groundball, 13, EV 82.5 MPH) Jesus Santiago to second
|
|
Batting: SHB Isaiah Cherry
|
0-0: Ball 1-0: Called Strike 1-1: Ball 2-1: Ball 3-1: Called Strike 3-2: Foul Ball, location: 2F 3-2: Foul Ball, location: 2F 3-2: Fly out, F7 (Flyball, 7LSF, EV 83.8 MPH)
|
|
Batting: RHB Marco Diaz
|
0-0: Foul Ball, location: 2F 0-1: Foul Ball, location: 2F 0-2: Fly out, F9 (Flyball, 89M, EV 80.0 MPH)
|
| Bottom of the 6th over - 0 runs, 0 hits, 0 errors, 1 left on base; Durham 2 - Tacoma 0 |
| TOP OF THE 7TH |
|
Durham Bulls batting - Pitching for Tacoma Rainiers : RHP Matt Fox
|
|
Batting: RHB Sesto Carpini
|
0-0: Ball 1-0: Fly out, F7 (Flyball, 7S, EV 92.5 MPH)
|
|
Pitching: LHP Will Creelman
|
|
|
Batting: LHB Helmut Steggall
|
0-0: Ball 1-0: Swinging Strike 1-1: Called Strike 1-2: Ball 2-2: Strikes out looking
|
|
Pitching: RHP Dan Johnson
|
|
|
Batting: RHB Roberto Aispuro
|
0-0: Ball 1-0: Ball 2-0: Foul Ball, location: 2F 2-1: Ball 3-1: Fly out, F7 (Line Drive, 7S, EV 95.0 MPH)
|
| Top of the 7th over - 0 runs, 0 hits, 0 errors, 0 left on base; Durham 2 - Tacoma 0 |
| BOTTOM OF THE 7TH |
|
Tacoma Rainiers batting - Pitching for Durham Bulls : LHP Chris Polite
|
|
Batting: LHB Josh Pittman
|
0-0: Fly out, F9 (Flyball, 9, EV 93.1 MPH)
|
|
Batting: RHB Zach Downs
|
0-0: Ball 1-0: Called Strike 1-1: Ball 2-1: Ball 3-1: Base on Balls
|
|
Batting: RHB Max Schellekens
|
0-0: Swinging Strike 0-1: Ball 1-1: Foul Ball, location: 2F 1-2: Fly out, F8 (Flyball, 8RD, EV 88.1 MPH)
|
|
Batting: RHB Hideo Okimura
|
0-0: Ball 1-0: Fly out, F9 (Flyball, 9, EV 92.5 MPH)
|
| Bottom of the 7th over - 0 runs, 0 hits, 0 errors, 1 left on base; Durham 2 - Tacoma 0 |
| TOP OF THE 8TH |
|
Durham Bulls batting - Pitching for Tacoma Rainiers : RHP Dan Johnson
|
|
Batting: LHB Danny Hull
|
0-0: Ball 1-0: SINGLE (Line Drive, 4MD, EV 95.6 MPH)
|
|
Batting: LHB Darryl Gonnella
|
0-0: Called Strike Danny Hull steals 2nd base 0-1: Ball 1-1: Ground out U3 (Groundball, 34, EV 90.0 MPH) Danny Hull to third
|
|
Batting: RHB Alex Diaz
|
0-0: Foul Ball, location: 2F 0-1: Ball 1-1: Ball 2-1: Ball 3-1: Base on Balls
|
|
Batting: LHB Davion Lewis
|
0-0: Ball 1-0: Called Strike 1-1: Ball Wild Pitch! Danny Hull scores Alex Diaz to second 2-1: Ball 3-1: Foul Ball, location: 2F 3-2: Fly out, F8 (Flyball, 8LD, EV 87.5 MPH) Runner from 2nd tags up, SAFE at 3rd with throw by CF
|
|
Batting: LHB Eric Toney
|
0-0: Called Strike 0-1: Ball 1-1: Fly out, F8 (Flyball, 8RM, EV 96.9 MPH)
|
| Top of the 8th over - 1 run, 1 hit, 0 errors, 1 left on base; Durham 3 - Tacoma 0 |
| BOTTOM OF THE 8TH |
|
Tacoma Rainiers batting - Pitching for Durham Bulls : LHP Chris Polite
|
|
Pitching: RHP Al Speer
|
|
|
Now in LF: Darryl Gonnella
|
|
|
Now in RF: Antonio Pacheco
|
|
|
Batting: RHB Lamberto Amicis
|
0-0: Ball 1-0: Foul Ball, location: 2F 1-1: Fly out, F7 (Line Drive, 78M, EV 88.1 MPH)
|
|
Pinch Hitting: LHB Ryan Lowe
|
0-0: Ball 1-0: Foul Ball, location: 2F 1-1: Ball 2-1: Ball 3-1: Foul Ball, location: 2F 3-2: Base on Balls
|
|
Batting: LHB Jawad Fahad
|
0-0: Ball 1-0: Grounds into double play, 4-6-3 (Groundball, 4, EV 86.2 MPH)
|
| Bottom of the 8th over - 0 runs, 0 hits, 0 errors, 0 left on base; Durham 3 - Tacoma 0 |
| TOP OF THE 9TH |
|
Durham Bulls batting - Pitching for Tacoma Rainiers : RHP Dan Johnson
|
|
Now at 1B: Ryan Lowe
|
|
|
Now at 3B: Jawad Fahad
|
|
|
Batting: RHB Jose Arriola
|
0-0: Called Strike 0-1: Ball 1-1: Called Strike 1-2: SINGLE (Line Drive, 78S, EV 88.8 MPH)
|
|
Batting: RHB Sesto Carpini
|
0-0: Ball 1-0: Called Strike 1-1: Foul Ball, location: 2F 1-2: Ground out 4-3 (Groundball, 34, EV 83.8 MPH) Jose Arriola to second
|
|
Batting: LHB Helmut Steggall
|
0-0: Ball 1-0: Foul Ball, location: 2F 1-1: Fly out, F8 (Flyball, 8LD, EV 87.5 MPH)
|
|
Batting: RHB Roberto Aispuro
|
0-0: Ball 1-0: Ball 2-0: Foul Ball, location: 2F 2-1: Ball Wild Pitch! Jose Arriola to third 3-1: Swinging Strike 3-2: Foul Ball, location: 2F 3-2: Base on Balls
|
|
Batting: LHB Danny Hull
|
0-0: Ball 1-0: Ball 2-0: Called Strike 2-1: Ball 3-1: Called Strike 3-2: Foul Ball, location: 2F 3-2: Base on Balls Roberto Aispuro to second
|
|
Pitching: LHP Chad Dominey
|
|
|
Batting: LHB Darryl Gonnella
|
0-0: Ball 1-0: Foul Ball, location: 2F 1-1: Swinging Strike 1-2: Fly out, F5 (Popup, 5S, EV 85.0 MPH)
|
| Top of the 9th over - 0 runs, 1 hit, 0 errors, 3 left on base; Durham 3 - Tacoma 0 |
| BOTTOM OF THE 9TH |
|
Tacoma Rainiers batting - Pitching for Durham Bulls : RHP Al Speer
|
|
Pitching: RHP Cody Wilharm
|
|
|
Batting: SHB Isaiah Cherry
|
0-0: Swinging Strike 0-1: Foul Ball, location: 2F 0-2: Strikes out swinging
|
|
Batting: RHB Marco Diaz
|
0-0: SINGLE (Groundball, 3D, EV 103.8 MPH)
|
|
Batting: LHB Josh Pittman
|
0-0: 2-RUN HOME RUN (Flyball, 7D, EV 96.9 MPH), Distance : 366 ft
|
|
Batting: RHB Zach Downs
|
0-0: Ball 1-0: Foul Ball, location: 2F 1-1: Ball 2-1: Foul Ball, location: 2F 2-2: Ball 3-2: Foul Ball, location: 2F 3-2: Fly out, F3 (Line Drive, 34, EV 65.6 MPH)
|
|
Batting: RHB Max Schellekens
|
0-0: Swinging Strike 0-1: Called Strike 0-2: Fly out, F4 (Popup, 34, EV 57.5 MPH)
|
| Bottom of the 9th over - 2 runs, 2 hits, 0 errors, 0 left on base; Durham 3 - Tacoma 2 |
|